 Dungeon Crawl Stone Soup version 0.21-a0-128-gf2b353c (webtiles) character file.

2914 MatthieuS the Severer (level 9, -6/81 (82) HPs)
             Began as a Hill Orc Fighter on July 16, 2017.
             Was an Initiate of Makhleb.
             Mangled by a death yak (16 damage)
             ... on level 7 of the Dungeon.
             The game lasted 00:15:14 (8613 turns).

MatthieuS the Severer (Hill Orc Fighter)            Turns: 8613, Time: 00:15:15

HP:   -6/81 (82)    AC: 11    Str: 22      XL:     9   Next: 78%
MP:   9/9           EV:  4    Int:  7 (8)  God:    Makhleb [......]
Gold: 219           SH:  9    Dex: 11 (12) Spells: 8/8 levels left

rFire    . . .     SeeInvis .   a - +1 war axe
rCold    . . .     Gourm    .   c - +0 shield
rNeg     . . .     Faith    .   l - +0 plate armour
rPois    .         Spirit   .   (no helmet)
rElec    .         Reflect  .   (no cloak)
rCorr    .         Harm     .   (no gloves)
MR       ++...                  (no boots)
Stlth    ..........             (no amulet)
HPRegen  0.23/turn              p - ring of protection from magic
MPRegen  0.11/turn              v - ring of protection from magic

@: no status effects
A: agile 1, robust 1, wild magic 2
a: Renounce Religion


You were on level 7 of the Dungeon.
You worshipped Makhleb.
Makhleb was noncommittal.
You were hungry.

You visited 2 branches of the dungeon, and saw 9 of its levels.

You collected 279 gold pieces.
You spent 60 gold pieces at shops.

Inventory:

Hand Weapons
 a - a +1 war axe (weapon)
 d - a +2 scythe of flaming
 e - a +0 hunting sling
Missiles
 g - 164 stones (quivered)
 m - 42 sling bullets
Armour
 c - a +0 shield (worn)
 l - a +0 plate armour (worn)
Jewellery
 p - a ring of protection from magic (left hand)
 v - a ring of protection from magic (right hand)
Scrolls
 h - a scroll of fear
 j - 2 scrolls of enchant weapon
 k - 3 scrolls of remove curse
 n - a scroll of noise {unknown}
 r - a scroll of recharging {unknown}
 u - 2 scrolls of identify
 w - 2 scrolls of teleportation {unknown}
Potions
 q - a potion of mutation
 s - 2 potions of heal wounds
Comestibles
 f - 4 bread rations
 t - 3 meat rations


   Skills:
 - Level 6.1 Fighting
 + Level 15.5 Axes
 - Level 3.2 Armour
 - Level 3.2 Shields


You had 8 spell levels left.
You didn't know any spells.

Dungeon Overview and Level Annotations

Branches:
Dungeon (8/15)             Temple (1/1) D:4            Lair (0/6) D:8

Altars:
Ashenzari
Cheibriados
Dithmenos
Elyvilon
Fedhas
Gozag
Hepliaklqana
Kikubaaqudgha
Makhleb
Nemelex Xobeh
Okawaru
Qazlal
Ru
Trog
Uskayaw
Vehumet
Wu Jian
Xom
Yredelemnul
Zin
The Shining One

Shops:
D:6 :(=!


Innate Abilities, Weirdness & Mutations

You are agile. (Dex +2)
You are robust. (+10% HP)
Your spells are harder to cast, but more powerful.


Message History

You kill the adder!
Makhleb accepts your kill. You block the death yak's attack.
Okay, then.
You slash the death yak!
The death yak is moderately wounded.
You slash the death yak!
The death yak is heavily wounded.
The death yak gores you!!
You hit the death yak.
The death yak is heavily wounded.
The death yak gores you!
You slash the death yak!
The death yak is heavily wounded.
The death yak gores you!!
* * * LOW HITPOINT WARNING * * *
You hit the death yak.
The death yak is heavily wounded.
The death yak gores you!
You die...

#####.#
#.# #.#
#.# #.#
#.# #.#
#.# #.#
#.# #.#
#.# #.#
#.#
##.#
#†#
#..#
#@#
#.##
#Y#
#.##
#.#
#..#
#.#
##.#
#.# #.#
#.# #.#
#.# #.#
#.# #.#
#.#


You could see a death yak.

Vanquished Creatures
  Prince Ribbit (D:5)
  A hippogriff (D:7)
  Sigmund (D:3)
  Menkaure (D:5)
  A water moccasin (D:7)
  2 ice beasts
  3 ogres
  A necrophage (D:7)
  2 centaurs
  2 bullfrogs (D:6)
  A scorpion (D:3)
  5 killer bees (D:7)
  2 howler monkeys
  4 crimson imps
  3 jellies
  3 hounds
  An orc priest (D:7)
  A bullfrog skeleton (D:6)
  A centaur skeleton (D:6)
  An iguana (D:4)
  4 orc wizards
  6 worker ants
  2 hound skeletons (D:4)
  A howler monkey zombie (D:6)
  4 gnolls (D:4)
  12 adders
  A shadow imp (D:6)
  3 oozes
  2 adder zombies (D:5)
  An adder skeleton (D:5)
  3 dart slugs
  3 worms
  6 leopard geckos
  23 orcs
  A ball python (D:4)
  7 giant cockroaches
  10 goblins
  8 hobgoblins
  13 jackals
  2 quokkas
  6 bats
  4 frilled lizards
  A giant cockroach zombie (D:5)
  3 kobolds
  7 rats
  A spectral orc (D:5)
171 creatures vanquished.

Notes
Turn   | Place    | Note
-------+----------+-------------------------------------------
     0 | D:1      | MatthieuS the Hill Orc Fighter began the quest for the Orb.
     0 | D:1      | Reached XP level 1. HP: 19/19 MP: 1/1
    58 | D:1      | Reached skill level 3 in Axes
   125 | D:1      | Reached XP level 2. HP: 27/27 MP: 2/2
   707 | D:1      | Reached skill level 4 in Axes
   707 | D:1      | Reached XP level 3. HP: 33/33 MP: 3/3
  1165 | D:2      | Found a shattered altar of Ashenzari.
  1220 | D:2      | Reached XP level 4. HP: 41/41 MP: 4/4
  1222 | D:2      | Reached skill level 5 in Axes
  1675 | D:3      | Reached XP level 5. HP: 22/47 MP: 5/5
  1679 | D:3      | Reached skill level 6 in Axes
  1870 | D:3      | Noticed Sigmund
  1882 | D:3      | Killed Sigmund
  1882 | D:3      | Reached skill level 5 in Fighting
  1882 | D:3      | Reached skill level 7 in Axes
  1882 | D:3      | Reached XP level 6. HP: 5/56 MP: 6/6
  2395 | D:3      | Gained mutation: You are clumsy. (Dex -2) [potion of mutation]
  2395 | D:3      | Gained mutation: You are somewhat resistant to further mutation. [potion of mutation]
  2638 | D:3      | Reached skill level 8 in Axes
  2638 | D:3      | Reached XP level 7. HP: 42/62 MP: 7/7
  2805 | D:3      | Found a faded altar of an unknown god.
  3259 | D:4      | Reached skill level 9 in Axes
  3620 | D:4      | Found a glowing silver altar of Zin.
  3656 | D:4      | Found a blossoming altar of Fedhas.
  3809 | D:4      | Found a staircase to the Ecumenical Temple.
  3818 | Temple   | Entered the Ecumenical Temple
  4088 | D:5      | Entered Level 5 of the Dungeon
  4127 | D:5      | Found a basalt altar of Yredelemnul.
  4204 | D:5      | Reached skill level 10 in Axes
  4334 | D:5      | Noticed Prince Ribbit
  4336 | D:5      | Lost mutation: You are clumsy. (Dex -2) [potion of mutation]
  4336 | D:5      | Lost mutation: You are somewhat resistant to further mutation. [potion of mutation]
  4336 | D:5      | Gained mutation: You are agile. (Dex +2) [potion of mutation]
  4336 | D:5      | Gained mutation: Your spells are a little harder to cast, but a little more powerful. [potion of mutation]
  4336 | D:5      | Gained mutation: You are robust. (+10% HP) [potion of mutation]
  4336 | D:5      | Gained mutation: Your spells are harder to cast, but more powerful. [potion of mutation]
  4344 | D:5      | Killed Prince Ribbit
  4344 | D:5      | Reached XP level 8. HP: 57/77 MP: 8/8
  4442 | D:5      | Reached skill level 11 in Axes
  4479 | D:5      | Noticed Menkaure
  4496 | D:5      | Killed Menkaure
  5083 | D:5      | Found an opulent altar of Gozag.
  5151 | D:5      | Reached skill level 12 in Axes
  5616 | D:6      | Found Ruwy Ah Xekk's Distillery.
  5619 | D:6      | Bought a potion of heal wounds for 60 gold pieces
  6020 | D:6      | Reached skill level 13 in Axes
  6087 | D:6      | Found Jigot's Jewellery Shop.
  6332 | D:6      | Reached XP level 9. HP: 75/82 MP: 9/9
  6365 | D:6      | Found Ufomuc's Weapon Shop.
  6376 | D:6      | Found Yzooril's Book Shop.
  6786 | D:6      | Reached skill level 14 in Axes
  7350 | D:7      | Found a snail-covered altar of Cheibriados.
  7351 | D:7      | Found a sparkling altar of Nemelex Xobeh.
  7673 | D:7      | Reached skill level 15 in Axes
  8293 | D:7      | Found a burning altar of Makhleb.
  8298 | D:7      | Became a worshipper of Makhleb the Destroyer
  8599 | D:8      | Found a staircase to the Lair.
  8599 | D:8      | Noticed a death yak
  8601 | D:8      | Noticed a death yak
  8613 | D:7      | Mangled by a death yak

Vault maps used:
D:1:      minmay_arrival_four_loops
D:2:      first_bread, evilmike_ruin_ashenzari
D:3:      chequers_ecumenical_altar_island, uniq_sigmund
D:4:      zin_statuary, minmay_temple_entry_poolview, fedhas_altar_4
D:5:      yredelemnul_forgotten_temple_becter, minmay_misc_feat_hallway,
          nicolae_gozag_seed_capital, uniq_prince_ribbit1, uniq_menkaure
D:6:      serial_shops, nicolae_shop_behind_doors, shop,
          nicolae_shop_behind_doors, shop
D:7:      cheibrodos_quashed, gammafunk_temple_overflow_pools,
          lightli_temple_of_fire
D:8:      lemuel_blue_sif_altar, dpeg_lair_monsters, the_bakery
Temple:   nicolae_temple_elliptical

Skill      XL: |  1  2  3  4  5  6  7  8  9 |
---------------+----------------------------+-----
Axes           | 3 4 5 7 8 10 13 15 | 15.5
Fighting       | 4 5 6 |  6.1
Armour         | |  3.2
Shields        | |  3.2

Action                   |  1- 3 |  4- 6 |  7- 9 || total
-------------------------+-------+-------+-------++-------
Melee: War axe           |    72 |   152 |   337 ||   561
  Use: Potion            |       |     6 |     6 ||    12
       Scroll            |       |     8 |       ||     8
  Eat: Chunk             |     1 |     2 |    14 ||    17
       Meat ration       |       |     1 |       ||     1
       Royal jelly       |       |       |     1 ||     1
Armor: Scale mail        |    35 |    61 |    71 ||   167
       Skin              |       |       |    33 ||    33
       Plate armour      |       |       |    11 ||    11
Dodge: Dodged            |    35 |    39 |    67 ||   141
Block: Shield            |    48 |    64 |   116 ||   228
